 Dungeon Crawl Stone Soup version 0.27.1-35-g4d5d836560 (webtiles) character file.

Game seed: 9724941714560179673

42 Froggeryz the Insei (level 3, -1/16 HPs)
             Began as a Vine Stalker Transmuter on Dec 2, 2022.
             Slain by an orc priest (2 damage)
             ... on level 3 of the Dungeon.
             The game lasted 00:01:51 (2480 turns).

Froggeryz the Insei (Vine Stalker Transmuter)       Turns: 2480, Time: 00:01:51

Health: -1/16      AC:  3    Str: 13    XL:     3   Next: 56%
Magic:  0/7        EV: 16    Int: 13    God:
Gold:   64         SH:  0    Dex: 14    Spells: 5/6 levels left

rFire    . . .     SeeInvis .     - Unarmed
rCold    . . .     Faith    .   (no shield)
rNeg     . . .     Spirit   +   a - +0 robe
rPois    .         Reflect  .   (no helmet)
rElec    .         Harm     .   (no cloak)
rCorr    .         Rampage  .   c - +0 pair of gloves
Will     .....                  (no boots)
Stlth    +.........             (no amulet)
HPRegen  0.05/turn              h - +4 ring of evasion
MPRegen  0.10/turn              (no ring)

@: no status effects
A: fangs 2, magic shield, antimagic bite, no potion heal 2, claws 1, frail 1,
wild magic 1
a: no special abilities


You were on level 3 of the Dungeon.
You visited 1 branch of the dungeon, and saw 3 of its levels.

You collected 64 gold pieces.

Inventory:

Missiles
 d - 19 poisoned darts
Armour
 a - a +0 robe (worn)
 c - a +0 pair of gloves (worn)
Jewellery
 h - a +4 ring of evasion (left hand)
Scrolls
 b - a scroll of blinking {unknown}
 e - 4 scrolls of amnesia {unknown}
 f - a scroll of enchant weapon {unknown}
 i - a scroll of enchant armour {unknown}


   Skills:
 + Level 1.6 Fighting
 - Level 2.0 Dodging
 * Level 3.9 Unarmed Combat
 - Level 2.1 Spellcasting
 - Level 2.0 Transmutations


You had 5 spell levels left.
You knew the following spells:

 Your Spells              Type           Power      Damage    Failure   Level
a - Beastly Appendage     Tmut           16%        N/A       16%         1

Your spell library contained the following spells:

 Spells                   Type           Power      Damage    Failure   Level
 Wereblood                Tmut           8%         N/A       24%         2
 Magic Dart               Conj           4%         1d3       34%         1
 Call Imp                 Summ           1%         N/A       45%         2
 Spider Form              Tmut/Pois      2%         N/A       54%         3
 Mephitic Cloud           Conj/Pois/Air  1%         N/A       67%         3
 Ice Form                 Ice/Tmut       5%         N/A       90%         4


Dungeon Overview and Level Annotations

Branches:
Dungeon (3/15)

Altars:


Innate Abilities, Weirdness & Mutations

You have extremely sharp teeth.
When hurt, damage is shared between your health and your magic reserves.
Your bite disrupts and absorbs the magic of your enemies.
Potions cannot restore your health.
You have sharp fingernails.
You are frail. (-10% HP)
Your spells are a little harder to cast, but a little more powerful.


Message History

The orc priest misses you.
You hit the orc priest.
The orc priest is moderately wounded.
The orc priest hits you with a +0 flail!
You closely miss the orc priest. Your bite misses the orc priest.
The orc priest is moderately wounded.
The orc priest barely misses you.
You closely miss the orc priest. Your bite misses the orc priest.
The orc priest is moderately wounded.
The orc priest barely misses you.
You hit the orc priest but do no damage.
You punch the orc priest, but do no damage.
Your bite misses the orc priest.
The orc priest is moderately wounded.
The orc priest begins to cast a cantrip, but forgets the words!
You hit the orc priest. You bite the orc priest. You drain its power.
You feel invigorated.
The orc priest is heavily wounded.
The orc priest barely misses you.
You hit the orc priest.
The orc priest is heavily wounded.
The orc priest hits you with a +0 flail.
You hit the orc priest but do no damage.
Your bite misses the orc priest.
The orc priest is heavily wounded.
The orc priest completely misses you.
You barely miss the orc priest.
You bite the orc priest, but do no damage.
The orc priest is heavily wounded.
The orc priest hits you with a +0 flail.
* * * LOW HITPOINT WARNING * * *
You hit the orc priest. Your bite misses the orc priest.
The orc priest is severely wounded.
The orc priest hits you with a +0 flail!
* * * LOW HITPOINT WARNING * * *
It was a potion of mutation.
You feel extremely strange.
You feel less in control of your magic.
You feel frail.
Your fingernails lengthen.
The orc priest hits you with a +0 flail.
You die...

..........###.#####..
######.#............
#.#.###.##.###. #.#.#
#.##.# #. .#######.#.#
#.##.# ## ...........#
#.##.#### .#######.###
#.##.#...
##.#######.#####.#......
....o.o@...##...........
##.######......#.<...>..
#..##..###......
#..#............ ...#..
.........
................
...............##
.................
.....#.


You could see an orc priest and an orc.

Vanquished Creatures
  An adder (D:2)
  4 endoplasms
  A giant cockroach (D:1)
  A hobgoblin (D:2)
  2 jackals (D:1)
  4 quokkas
  7 ball pythons
  2 bats
  A frilled lizard (D:2)
  4 kobolds
  4 rats
31 creatures vanquished.

Notes
Turn   | Place    | Note
-------+----------+-------------------------------------------
     0 | D:1      | Froggeryz the Vine Stalker Transmuter began the quest for
                  | the Orb.
     0 | D:1      | Reached XP level 1. HP: 9/9 MP: 4/4
    24 | D:1      | Reached skill level 1 in Fighting
   352 | D:1      | Found a faded altar of an unknown god.
   671 | D:1      | Reached XP level 2. HP: 11/14 MP: 6/6
  1646 | D:2      | Reached XP level 3. HP: 18/18 MP: 7/7
  2480 | D:3      | Gained mutation: Your spells are a little harder to cast,
                  | but a little more powerful. [potion of mutation]
  2480 | D:3      | Gained mutation: You are frail. (-10% HP) [potion of
                  | mutation]
  2480 | D:3      | Gained mutation: You have sharp fingernails. [potion of
                  | mutation]
  2480 | D:3      | Slain by an orc priest

Illustrated notes

Levels and vault maps discovered:
D:1:      ncdulo_watergridlock, layout_loops_ring, ebering_ecumenical_altar_hall
D:2:      layout_basic, kennysheep_generic_room_13
D:3:      layout_loops_ring, nicolae_wu_jian_glorious_leap,
          gammafunk_ghost_mausoleum

Skill      XL: |  1  2  3 |
---------------+----------+-----
Fighting       | 1 |  1.6
Dodging        | 2 |  2.0
Unarmed Combat | |  3.9
Spellcasting   | |  2.1
Transmutations | |  2.0

Action                   || total
-------------------------++-------
Melee: Unarmed           ||   105
       Bite              ||    16
       Punch             ||     1
  Use: Potion            ||     1
 Stab: Sleeping          ||     3
Armor: Robe              ||    14
Dodge: Dodged            ||    63
